 Dungeon Crawl Stone Soup version 0.31-a0-102-g33a4ccc0cb (webtiles) character file.

Game seed: 13373192281231297843

130 voltaire321 the Caller (level 5, -2/38 HPs)
             Began as a Merfolk Summoner on May 26, 2023.
             Slain by Menkaure (16 damage)
             ... on level 4 of the Dungeon.
             The game lasted 00:08:37 (2181 turns).

voltaire321 the Caller (Merfolk Summoner)           Turns: 2181, Time: 00:08:37

Health: -2/38      AC:  6    Str: 10    XL:     5   Next: 14%
Magic:  4/8        EV: 13    Int: 15    God:
Gold:   138        SH:  0    Dex: 14    Spells: 3/9 levels left

rFire   . . .        g - +0 short sword
rCold   . . .        (no shield)
rNeg    . . .        a - +0 robe
rPois   .            q - +2 hat
rElec   .            (no cloak)
rCorr   .            n - +0 pair of gloves
SInv    .            d - +0 pair of boots
Will    .....        (no amulet)
Stlth   ++           (no ring)
HPRegen 0.26/turn    (no ring)
MPRegen 0.11/turn

%: no passive effects
@: no status effects
A: (nimble swimmer 2), mertail
a: no special abilities


You were on level 4 of the Dungeon.
You visited 1 branch of the dungeon, and saw 4 of its levels.

You collected 198 gold pieces.
You spent 60 gold pieces at shops.

Inventory:

Hand Weapons
 g - a +0 short sword (weapon)
 m - a +0 trident
 r - a +0 trident
Armour
 a - a +0 robe (worn)
 d - a +0 pair of boots (worn)
 n - a +0 pair of gloves (worn)
 q - a +2 hat (worn)
Magical Staves
 p - a staff of cold
Wands
 s - a wand of roots (5)
Scrolls
 c - a scroll of blinking {unknown}
 i - a scroll of identify
 j - 2 scrolls of teleportation {unknown}
 t - 2 scrolls of immolation {unknown}
Potions
 b - 2 potions of magic
 e - a potion of attraction
 f - 4 potions of curing
 h - a potion of enlightenment
 k - a potion of heal wounds
 l - a potion of mutation
 o - a potion of cancellation


   Skills:
 + Level 1.7 Fighting
 + Level 1.1 Armour
 + Level 3.5 Dodging
 - Level 2.1 Stealth
 + Level 2.6 Spellcasting
 * Level 4.9 Summonings


You had 3 spell levels left.
You knew the following spells:

 Your Spells              Type           Power      Damage    Failure   Level
a - Summon Small Mammal   Summ           64%        N/A       2%          1
b - Call Imp              Summ           32%        N/A       4%          2
c - Call Canine Familiar  Summ           16%        N/A       9%          3

Your spell library contained the following spells:

 Spells                   Type           Power      Damage    Failure   Level
 Summon Guardian Golem    Hex/Summ       8%         N/A       26%         3
 Sublimation of Blood     Necr           1%         N/A       32%         2
 Ozocubu's Armour         Ice            1%         N/A       54%         3
 Summon Lightning Spire   Summ/Air       8%         N/A       65%         4
 Petrify                  Tmut/Erth      0%         N/A       94%         4
 Irradiate                Conj/Tmut      0%         3d11      100%        5
 Metabolic Englaciation   Hex/Ice        0%         N/A       100%        5
 Simulacrum               Ice/Necr       0%         N/A       100%        6


Dungeon Overview and Level Annotations

Branches:
Dungeon (4/15)
 Temple: D:4-7

Altars:

Shops:
D:3 ?

Annotations:
D:4 Menkaure, Robin


Innate Abilities, Weirdness & Mutations

((You are very nimble when in or above water. (Stealth+, EV+, Speed+++)))
Your lower body shifts to a powerful aquatic tail in water.


Message History

Attack!
You hit Menkaure but do no damage.
Your cerulean imp hits Menkaure from afar with a -3 spear.
You hit Menkaure but do no damage.
Menkaure is lightly damaged.
Your cerulean imp hits Menkaure from afar with a -3 spear.
Menkaure mumbles some strange words.
Menkaure seems to speed up.
You barely miss Menkaure.
Menkaure is moderately damaged.
Your cerulean imp hits Menkaure but does no damage.
Menkaure calls on the powers of darkness!
Your body is wracked with pain!
You hit Menkaure but do no damage.
Menkaure is moderately damaged.
Menkaure closely misses you.
Your cerulean imp closely misses Menkaure.
Menkaure closely misses you.
You hit Menkaure.
Menkaure is moderately damaged.
Your cerulean imp hits Menkaure but does no damage.
Menkaure closely misses you.
You hit Menkaure.
Menkaure is heavily damaged.
Your cerulean imp hits Menkaure but does no damage.
Menkaure hits you but does no damage.
You hit Menkaure but do no damage.
Menkaure is heavily damaged.
Your cerulean imp hits Menkaure but does no damage.
Menkaure hits you but does no damage.
You hit Menkaure.
Menkaure is heavily damaged.
Your cerulean imp hits Menkaure from afar with a -3 spear.
Menkaure hits you but does no damage.
Casting: Call Imp (safe; 4% risk of failure)
Confirm with . or Enter, or press ? or * to list all spells.
Menkaure hits you!
Your cerulean imp hits Menkaure but does no damage.
Menkaure hits you!
You die...

##.......#
..........#
..........#
..........#
.........
#...h..#
#...5.M#
#.....@#
#......#
#...<..#
#.....##
#.....#
#.....#
+.....#
#.....#
#######


You could see Menkaure (fast, ally target), a friendly hound (summoned) and a
friendly cerulean imp (summoned).

Vanquished Creatures
  A howler monkey (D:3)
  An adder (D:2)
  7 endoplasms
  A giant cockroach (D:1)
  4 goblins
  3 hobgoblins
  6 jackals
  4 kobolds
  5 ball pythons
  6 bats
  2 frilled lizards
  5 rats
45 creatures vanquished.

Vanquished Creatures (collateral kills)
  An adder (D:3)
  2 orcs (D:3)
  A ball python (D:2)
  4 bats
  4 endoplasms
  A giant cockroach (D:2)
  4 goblins
  2 hobgoblins
  2 kobolds (D:3)
21 creatures vanquished.

Grand Total: 66 creatures vanquished

Notes
Turn   | Place    | Note
-------+----------+-------------------------------------------
     0 | D:1      | voltaire321 the Merfolk Summoner began the quest for the
                  | Orb.
     0 | D:1      | Reached XP level 1. HP: 13/13 MP: 3/3
    93 | D:1      | Reached XP level 2. HP: 11/20 MP: 5/5
   214 | D:1      | Learned a level 2 spell: Call Imp
   645 | D:2      | Reached XP level 3. HP: 25/25 MP: 3/6
   930 | D:2      | Reached skill level 1 in Fighting
  1331 | D:3      | Learned a level 3 spell: Call Canine Familiar
  1359 | D:3      | Reached XP level 4. HP: 25/32 MP: 0/7
  1715 | D:3      | Reached skill level 1 in Armour
  1762 | D:3      | Reached XP level 5. HP: 37/37 MP: 8/8
  1904 | D:3      | Found Pith's Magic Scroll Shoppe.
  1912 | D:3      | Bought a scroll of identify for 20 gold pieces
  1916 | D:3      | Bought a scroll of identify for 20 gold pieces
  1916 | D:3      | Bought a scroll of identify for 20 gold pieces
  2062 | D:4      | Noticed Robin
  2168 | D:4      | Noticed Menkaure
  2181 | D:4      | Slain by Menkaure

Illustrated notes

Levels and vault maps discovered:
D:1:      zelgadis_glass_arrival_small, layout_rooms
D:2:      layout_rooms
D:3:      layout_loops_ring, serial_shops, nicolae_shop_peninsula,
          chequers_decorated_corner, wad_floor_pattern_2, st_stairs_14
D:4:      cheibrodos_old_hovel, layout_gridville,
          chequers_temple_overflow_statue_of_worship,
          minmay_temple_entry_stoned_glass, uniq_eustachio, uniq_menkaure,
          uniq_robin

Skill      XL: |  1  2  3  4 |
---------------+-------------+-----
Dodging        | 3 |  3.5
Fighting       | 1 |  1.7
Armour         | 1 |  1.1
Stealth        | |  2.1
Spellcasting   | |  2.6
Summonings     | |  4.9

Action                     |  1- 3 |  4- 6 || total
---------------------------+-------+-------++-------
  Melee: Dagger            |    32 |       ||    32
         Punch             |     3 |     2 ||     5
         Short sword       |    95 |    77 ||   172
   Cast: Summon Small Mamm |     4 |       ||     4
         Call Imp          |    10 |     6 ||    16
         Call Canine Famil |       |     1 ||     1
    Use: Scroll            |       |     5 ||     5
         Potion            |       |     1 ||     1
   Stab: Sleeping          |     4 |     1 ||     5
 Armour: Robe              |    37 |    45 ||    82
  Dodge: Dodged            |   101 |    69 ||   170

Table legend: (Time is in decaauts)
 A = Elapsed time spent in this place.
 B = Non-inter-level travel time spent in this place.
 C = Inter-level travel time spent in this place.
 D = Time resting spent in this place.
 E = Time spent auto-exploring this place.
 F = Levels seen in this place.
 G = Mean time per level.
                   A        B        C        D        E       F      G
               +--------+--------+--------+--------+--------+-----+--------+
         Total |   2179 |   2138 |     41 |    393 |   1006 |   4 |  544.8 |
       Dungeon |   2179 |   2138 |     41 |    393 |   1006 |   4 |  544.8 |
               +--------+--------+--------+--------+--------+-----+--------+

Top non-repeatable levels by time:
     D:3: 812 daAuts
     D:2: 685 daAuts
     D:1: 639 daAuts
     D:4: 42 daAuts
